 Dungeon Crawl Stone Soup version 0.13-a0-1585-g6f4f798 (webtiles) character file.

104 Kae the Caller (level 2, 0/19 HPs)
             Began as a Mummy Summoner on June 13, 2013.
             Slain by a jackal (1 damage)
             ... on Level 2 of the Dungeon.
             The game lasted 00:03:56 (2200 turns).

Kae the Caller (Mummy Summoner)                     Turns: 2200, Time: 00:03:56

HP   0/19        AC  2     Str 11      XL: 2   Next: 65%
MP   1/4         EV 12     Int 14      God:
Gold 83          SH  0     Dex 12      Spells:  2 memorised,  0 levels left

Res.Fire  : x x .   See Invis. : .   d - +0 dagger
Res.Cold  : + + .   Warding    : .   a - +0 robe
Life Prot.: + + +   Conserve   : .   (no shield)
Res.Poison: +       Res.Corr.  : .   (no helmet)
Res.Elec. : .       Clarity    : .   (no cloak)
Sust.Abil.: . .     Spirit.Shd : .   (no gloves)
Res.Mut.  : .       Stasis     : .   (no boots)
Res.Rott. : +       Flight     : .   (no amulet)
Saprovore : . . .                    (no ring)
                                     h - ring of ice

@: slightly resistant to hostile enchantments, unstealthy
A: no food or potions, fire vulnerability, restore body, cold resistance 1, life
protection 3, poison resistance, torment resistance, unbreathing
a: no special abilities


You were on level 2 of the Dungeon.
You were not hungry.

You visited 1 branch of the dungeon, and saw 2 of its levels.

You collected 63 gold pieces.

Inventory:

Hand weapons
 d - a +0,+0 dagger (weapon)
Armour
 a - a +0 robe (worn)
 c - a +1 pair of boots
Scrolls
 e - a scroll of identify
 f - a scroll of remove curse
 g - a scroll of teleportation {unknown}
 i - a scroll of curse weapon {unknown}
Jewellery
 h - a ring of ice (left hand)
 j - an uncursed ring of see invisible
Books
 b - a book of Callings

   Spells                             Type                      Level
   *Summon Small Mammal               Summoning                    1
   *Call Imp                          Summoning                    2
   Call Canine Familiar               Summoning                    3
   Summon Scorpions                   Summoning/Poison             4
   Summon Ice Beast                   Ice/Summoning                4


   Skills:
 - Level 1.5 Dodging
 - Level 1.5 Stealth
 - Level 1.4 Spellcasting
 * Level 3.8 Summonings


You couldn't memorise any spells.
You knew the following spells:

 Your Spells              Type           Power        Failure   Level  Hunger
a - Summon Small Mammal   Summ           ##..         6%          1    N/A
b - Call Imp              Summ           ##........   10%         2    N/A

Dungeon Overview and Level Annotations

Branches:
Dungeon (2/27)

Altars:


Innate Abilities, Weirdness & Mutations

You do not eat or drink.
Your flesh is vulnerable to fire.
Your flesh is cold resistant.
You are immune to negative energy.
Your system is resistant to poisons.
You are immune to unholy pain and torment.
You can survive without breathing.


Message History

The jackal is severely wounded.
Your crimson imp blinks!
The jackal bites you but does no damage.
The jackal bites you.
* * * LOW HITPOINT WARNING * * *
Unknown command.
Read which item? (? for menu, Esc to quit)
As you read the scroll labeled OHUUQISU TWOQ, it crumbles to dust.
Use on which item? (\ to view known items) (? for menu, Esc to quit)
j - an uncursed ring of see invisible Identify which item? (? for menu, Esc to quit)
f - a scroll of remove curse It was a scroll of identify.
The jackal closely misses you. The jackal bites you.
* * * LOW HITPOINT WARNING * * *
The jackal closely misses you. The jackal barely misses you.
The jackal barely misses you.
The jackal bites you but does no damage.
The jackal bites you.
You die...

##############
#.....<......#
###........@...# (
##...........hh.# Sh
##h.#......5..h..#
...#..##..........<.#
...'.###............#
...### #............#
... #............# ##
#............#
##########.###


You could see 3 jackals and a friendly crimson imp.

Vanquished Creatures
  A giant mite (D:1)
  2 goblins (D:1)
  2 hobgoblins (D:1)
  A jackal (D:1)
  A kobold (D:1)
  A bat (D:1)
  A rat (D:1)
9 creatures vanquished.

Vanquished Creatures (collateral kills)
  2 bats (D:1)
  An ooze (D:2)
  A giant newt (D:1)
  2 jackals (D:1)
  3 kobolds (D:1)
9 creatures vanquished.

Vanquished Creatures (others)
  5 bats (D:1)
  A rat (D:1)
6 creatures vanquished.

Grand Total: 24 creatures vanquished

Notes
Turn   | Place    | Note
--------------------------------------------------------------
     0 | D:1      | Kae, the Mummy Summoner, began the quest for the Orb.
     0 | D:1      | Reached XP level 1. HP: 13/13 MP: 3/3
  1108 | D:1      | Reached XP level 2. HP: 13/19 MP: 1/4
  1360 | D:1      | Learned a level 2 spell: Call Imp
  2200 | D:2      | Slain by a jackal

Action                   || total
-------------------------++-------
Melee: Unarmed           ||    35
       Dagger            ||    49
 Cast: Summon Small Mamm ||    18
       Call Imp          ||     6
  Use: Scroll            ||     1
